 Dungeon Crawl Stone Soup version 0.19-a0-1021-g80cc50c (webtiles) character file.

25061 Implojin the Nimble (level 13, -2/92 HPs)
             Began as a Halfling Ice Elementalist on July 26, 2016.
             Was a Follower of Ru.
             Slain by a storm dragon (9 damage)
             ... on level 11 of the Dungeon.
             The game lasted 01:24:41 (25716 turns).

Implojin the Nimble (Halfling Ice Elementalist)    Turns: 25716, Time: 01:24:42

Health: -2/92      AC: 20    Str: 10    XL:     13   Next: 47%
Magic:  15/15      EV: 12    Int: 14    God:    Ru [*.....]
Gold:   867        SH: 12    Dex: 18    Spells: 1 memorised, 14 levels left

rFire  . . .     SeeInvis .     B - +1 short sword (elec)
rCold  . . .     Gourm    .     t - +4 chain mail of Cycesm {rN++ Regen+}
rNeg   + + .     Faith    .     w - +0 buckler
rPois  +         Spirit   .     G - +0 helmet
rElec  .         Dismiss  .     Y - +0 cloak
rCorr  .         Reflect  +     J - +0 pair of gloves
SustAt .         Harm     .     (no boots)
MR     +....                    d - +5 amulet of reflection
Stlth  ..........               W - ring of poison resistance
                                s - ring of protection from magic

@: about to teleport, somewhat resistant to hostile enchantments, extremely
unstealthy
A: blink, mutation resistance 1, no conjurations magic, no fire magic, no
necromancy magic, disrupted magic 1
a: Blink, Renounce Religion


You were on level 11 of the Dungeon.
You worshipped Ru.
Ru was aware of your devotion.
You were not hungry.

You visited 2 branches of the dungeon, and saw 17 of its levels.

You collected 867 gold pieces.

Inventory:

Hand Weapons
 l - a +3 short sword of freezing
 q - a +0 blowgun
 x - a +2 long sword
 B - a +1 short sword of electrocution (weapon)
 C - a +0 rapier
 M - a +1 dagger of venom
Missiles
 v - 9 tomahawks (quivered)
Armour
 e - a troll hide
 f - a +0 scale mail
 i - a +0 shield
 j - a +0 robe of positive energy
 n - a +0 leather armour
 t - the +4 chain mail of Cycesm (worn) {rN++ Regen+}
   (You found it on level 11 of the Dungeon)

   It greatly protects you from negative energy.
   It increases your rate of regeneration.
 w - a +0 buckler (worn)
 z - a +0 ring mail
 A - a +1 robe of cold resistance
 G - a +0 helmet (worn)
 J - a +0 pair of gloves (worn)
 Y - a +0 cloak (worn)
Jewellery
 d - a +5 amulet of reflection (around neck)
 s - a ring of protection from magic (left hand)
 T - an uncursed ring of protection from cold
 W - a ring of poison resistance (right hand)
Wands
 h - a wand of digging (17/24)
 y - a wand of disintegration (17/24)
 D - a wand of hasting (7/9)
 L - a wand of disintegration (18/24)
 N - a wand of lightning (8/15)
 P - a wand of acid (5/15)
 R - a wand of acid (8/15)
 U - a wand of lightning (5/15)
Scrolls
 a - 2 scrolls of magic mapping
 k - 2 scrolls of fog
 m - a scroll of silence {unknown}
 p - a scroll of vulnerability {unknown}
 O - a scroll of remove curse
 X - a scroll of enchant weapon
 Z - 2 scrolls of teleportation
Potions
 g - a potion of magic
 u - 2 potions of curing
 H - 4 potions of flight
 S - 6 potions of brilliance
Books
 b - a book of Frost

   Spells                             Type                      Level
   a - Freeze                         Ice                          1
   b - Throw Frost                    Conjuration/Ice              2
   c - Ozocubu's Armour               Charms/Ice                   3
   d - Throw Icicle                   Conjuration/Ice              4
   e - Summon Ice Beast               Ice/Summoning                4
 o - a book of Maledictions

   Spells                             Type                      Level
   a - Corona                         Hexes                        1
   b - Ensorcelled Hibernation        Hexes/Ice                    2
   c - Confuse                        Hexes                        3
   d - Tukima's Dance                 Hexes                        3
   e - Dazzling Spray                 Conjuration/Hexes            3
Miscellaneous
 F - a lamp of fire
Comestibles
 c - 4 bread rations
 r - a beef jerky
 E - 5 meat rations
 I - a slice of pizza
 K - 3 chunks of flesh
 Q - 4 fruits
 V - a royal jelly


   Skills:
 * Level 10.1 Fighting
 - Level 4.3(9.5) Short Blades
 - Level 10.1(10.3) Long Blades
 - Level 11.0 Armour
 - Level 11.2 Dodging
 - Level 4.1 Stealth
 - Level 6.2 Shields
 - Level 1.5 Spellcasting
 - Level 3.0 Ice Magic


You had 14 spell levels left.
You knew the following spells:

 Your Spells              Type           Power        Failure   Level  Hunger
a - Freeze                Ice            #...         100%        1    ##.....


Dungeon Overview and Level Annotations

Branches:
Dungeon (13/15)            Temple (0/1) D:6            Lair (4/6) D:11
 Spider (0/4) Lair:2          Orc (0/2) D:9
  Swamp: Lair:2-4    Shoals: Lair:2-4    Vaults: D:13-14

Altars:
Cheibriados
Dithmenos
Elyvilon
Fedhas
Makhleb
Nemelex Xobeh
Okawaru
Pakellas
Ru
Uskayaw
Vehumet
Yredelemnul
The Shining One

Shops:
D:10 (

Annotations:
D:2 8 exclusions, Sigmund
D:4 exclusions: downstairs and statue
D:5 exclusion: downstairs
D:9 Implojin's ghost, journeyman GrSk
D:10 exclusion: downstairs
D:11 !2x storm dragons wandering (who the fuck made THAT vault w/out runed doors), 2 exclusions, Erica
D:12 exclusion: upstairs
Lair:3 exclusion: downstairs
Lair:4 Nergalle


Innate Abilities, Weirdness & Mutations

You are small and have problems with some larger weapons.
You are somewhat resistant to further mutation.
You cannot study or cast Conjurations magic.
You cannot study or cast Fire magic.
You cannot study or cast Necromancy magic.
Your casting is slightly disrupted.
You can translocate small distances at will.


Message History

There is a stone staircase leading up, spattered with blood here.
You see here 3 arrows.
You climb upwards.
There is a stone staircase leading down here.
Unknown command.
Unknown command.
You start resting.
HP restored.
Things that are here:
15 arrows; an uncursed shortbow; a scale mail
There is an open door here.
You see here a falchion.
There is a stone staircase leading down, spattered with blood here.
Warning, next level annotated: !2x storm dragons wandering (who the fuck made THAT vault w/out runed doors), 2 exclusions, Erica Enter next level anyway?
You climb downwards.
There is a stone staircase leading up, spattered with blood here.
You see here a dagger.
You see here an uncursed short sword.
The storm dragon roars deafeningly!
The storm dragon breathes lightning at you.
The bolt of lightning hits you!
The storm dragon breathes lightning at you.
The bolt of lightning hits you!
* * * LOW HITPOINT WARNING * * *
The bolt of lightning misses you.
The storm dragon breathes lightning at you.
The bolt of lightning hits you!
* * * LOW HITPOINT WARNING * * *
As you read the scroll of teleportation, it crumbles to dust.
You feel strangely unstable.
Okay, then.
The storm dragon breathes lightning at you.
The bolt of lightning hits you!
* * * LOW HITPOINT WARNING * * *
You feel better. You block the storm dragon's attack.
The storm dragon claws you.
* * * LOW HITPOINT WARNING * * *
The storm dragon tramples you!
You die...

### ##### #<##########.#.#######
#)#..........#.......##
#)#.########.#........#
#...######.#.#.#####..#
#.#........#.### #..# ######
#...######.....# #..#
#....####......@D..#.#.# #..#
#....#.....@######.#.#.# #..#
##....#......# #.#.#.# #..#
.............# #.#.#.#####..#
.............# #.#.#.#......#
.............## #.#.#.#.####.#
.....>........# #.#.#.#.#<.#.#
###.......###.# #.#.#.#....#.#
#####.#######.#####.#.#.######.##


You could see a storm dragon and Erica.

Vanquished Creatures
  Fannar (D:11)
  A hill giant (D:12)
  An ugly thing (D:11)
  5 elephants (Lair:3)
  2 cyclopes (D:11)
  2 centaur zombies
  A black mamba (Lair:1)
  3 spiny frogs
  2 rime drakes
  6 komodo dragons
  A troll (D:10)
  A two-headed ogre (D:12)
  4 blink frogs (Lair:1)
  2 shadows
  6 yaks
  A wyvern (Lair:2)
  A wraith (D:11)
  A hungry ghost (D:12)
  7 hippogriffs
  4 swamp worms (Lair:2)
  A warg (D:9)
  2 hell hounds (Lair:3)
  8 water moccasins
  8 orc warriors
  8 porcupines
  4 sky beasts
  An ice beast (D:5)
  4 black bears
  7 phantoms
  10 wolves (Lair:2)
  5 ogres
  12 centaurs
  8 crocodiles
  5 big kobolds
  16 giant frogs
  A gnoll sergeant (D:6)
  A wyvern zombie (D:6)
  A wyvern skeleton (D:10)
  6 scorpions
  6 killer bees
  9 wights
  5 howler monkeys
  3 crimson imps
  4 hounds
  3 jellies
  5 giant frog skeletons
  2 centaur skeletons
  13 orc priests
  13 orc wizards
  Terence (D:3)
  7 iguanas
  14 worker ants
  A hell rat (D:11)
  11 sheep
  4 worker ant zombies
  Robin (D:3)
  6 gnolls
  14 adders
  21 river rats
  3 shadow imps
  3 oozes
  An adder skeleton (D:10)
  4 worms (D:2)
  5 dart slugs
  9 giant geckos
  36 orcs
  10 giant cockroaches
  15 goblins
  11 hobgoblins
  16 jackals
  7 quokkas
  13 bats
  2 giant gecko zombies
  7 giant newts
  2 jackal skeletons
  18 kobolds
  10 rats
  A spectral orc (D:6)
476 creatures vanquished.

Vanquished Creatures (others)
  Snorg (D:10)
  A blink frog (Lair:1)
  A yak (Lair:1)
  A necrophage (D:9)
  A crocodile (D:11)
  An iguana (Lair:3)
  A kobold (D:7)
  2 fungi (Lair:2)
  2 plants (Lair:2)
  13 toadstools
24 creatures vanquished.

Grand Total: 500 creatures vanquished

Notes
Turn   | Place    | Note
-------+----------+-------------------------------------------
     0 | D:1      | Implojin the Halfling Ice Elementalist began the quest for the Orb.
     0 | D:1      | Reached XP level 1. HP: 11/11 MP: 3/3
     0 | D:1      | :random combo of firstgod
   320 | D:1      | Reached skill level 1 in Fighting
   383 | D:1      | Reached XP level 2. HP: 18/18 MP: 1/4
   866 | D:1      | Reached skill level 2 in Fighting
  1184 | D:1      | Reached XP level 3. HP: 24/24 MP: 2/5
  2044 | D:2      | Reached XP level 4. HP: 23/30 MP: 4/6
  2055 | D:2      | Reached skill level 3 in Fighting
  2264 | D:2      | Noticed Sigmund
  2520 | D:2      | Found a sacrificial altar of Ru.
  2526 | D:2      | Became a worshipper of Ru the Awakened
  3082 | D:2      | Found a burning altar of Makhleb.
  3657 | D:2      | Reached XP level 5. HP: 37/37 MP: 7/7
  3663 | D:2      | Found an iron altar of Okawaru.
  3762 | D:2      | Reached skill level 1 in Short Blades
  4073 | D:3      | Noticed Terence
  4110 | D:3      | Killed Terence
  4110 | D:3      | Reached skill level 2 in Short Blades
  4307 | D:3      | Noticed Robin
  4337 | D:3      | Reached skill level 3 in Short Blades
  4453 | D:3      | Killed Robin
  4568 | D:3      | Found a faded altar of an unknown god.
  5093 | D:4      | Reached skill level 4 in Short Blades
  5093 | D:4      | Reached XP level 6. HP: 43/43 MP: 8/8
  5094 | D:4      | Gained mutation: You cannot study or cast Fire magic. [Ru sacrifice]
  5094 | D:4      | Gained mutation: You cannot study or cast Necromancy magic. [Ru sacrifice]
  5094 | D:4      | Gained mutation: You cannot study or cast Conjurations magic. [Ru sacrifice]
  5094 | D:4      | Reached * piety under Ru
  5135 | D:4      | Reached skill level 4 in Fighting
  5161 | D:4      | Found a sparkling altar of Nemelex Xobeh.
  5320 | D:4      | Found a hide-covered altar of Uskayaw.
  5409 | D:4      | Found a shadowy altar of Dithmenos.
  5571 | D:4      | Found a radiant altar of Vehumet.
  5639 | D:5      | Entered Level 5 of the Dungeon
  5647 | D:4      | Reached skill level 3 in Dodging
  5794 | D:5      | Noticed a phantom
  5807 | D:4      | Reached XP level 7. HP: 35/48 MP: 9/9
  6082 | D:5      | Reached skill level 4 in Dodging
  6454 | D:5      | Reached skill level 5 in Dodging
  6581 | D:5      | Reached skill level 6 in Dodging
  7039 | D:5      | Reached XP level 8. HP: 54/54 MP: 10/10
  7049 | D:5      | Reached skill level 5 in Fighting
  7178 | D:5      | Reached skill level 6 in Fighting
  7409 | D:6      | Found a basalt altar of Yredelemnul.
  7724 | D:6      | Found a staircase to the Ecumenical Temple.
  7796 | D:6      | Reached skill level 7 in Fighting
  7991 | D:6      | Reached XP level 9. HP: 50/64 MP: 11/11
  8203 | D:6      | Reached skill level 8 in Fighting
  8209 | D:6      | Gained mutation: Your casting is slightly disrupted. [Ru sacrifice]
  8810 | D:6      | Reached skill level 9 in Fighting
  9150 | D:6      | Reached skill level 1 in Long Blades
  9507 | D:7      | Reached skill level 2 in Long Blades
  9576 | D:7      | Found a glowing golden altar of the Shining One.
  9994 | D:7      | Reached skill level 3 in Long Blades
 10317 | D:7      | Reached skill level 4 in Long Blades
 10329 | D:7      | Found a blossoming altar of Fedhas.
 10399 | D:6      | Noticed a hill giant
 10796 | D:7      | Reached XP level 10. HP: 45/74 MP: 12/12
 10802 | D:7      | Reached skill level 5 in Long Blades
 11041 | D:7      | Found an oddly glowing altar of Pakellas.
 11070 | D:7      | Found a snail-covered altar of Cheibriados.
 11636 | D:5      | Reached skill level 6 in Long Blades
 12388 | D:8      | Reached skill level 7 in Long Blades
 12493 | D:8      | Found a white marble altar of Elyvilon.
 13428 | D:9      | Reached skill level 8 in Long Blades
 13504 | D:9      | Noticed Implojin's ghost (journeyman GrSk)
 14560 | D:9      | Reached skill level 7 in Dodging
 14979 | D:9      | Reached skill level 8 in Dodging
 15154 | D:8      | Upgraded the game from 0.19-a0-1019-g9c6a58d to 0.19-a0-1021-g80cc50c
 15282 | D:9      | Reached skill level 3 in Stealth
 15297 | D:9      | Reached skill level 4 in Stealth
 15297 | D:9      | Reached XP level 11. HP: 33/79 MP: 13/13
 15883 | D:9      | Found a staircase to the Orcish Mines.
 15953 | D:10     | Entered Level 10 of the Dungeon
 16222 | D:10     | Found Eniy's Antique Weapon Emporium.
 16609 | D:10     | Reached skill level 10 in Fighting
 16794 | D:10     | Noticed Snorg
 16821 | D:10     | Killed Snorg
 16821 | D:10     | Reached skill level 9 in Long Blades
 17386 | D:10     | Identified a +1 rod of inaccuracy (9/9) (You found it on level 9 of the Dungeon)
 17464 | D:11     | Gained mutation: You can translocate small distances at will. [potion of beneficial mutation]
 17469 | D:11     | Found a staircase to the Lair.
 18279 | D:11     | Noticed Fannar
 18761 | D:11     | Reached skill level 10 in Long Blades
 19000 | D:11     | Noticed a cyclops
 19246 | D:11     | Killed a cyclops
 19500 | D:11     | Got an emerald-encrusted chain mail
 19516 | D:11     | Identified the +4 chain mail of Cycesm {rN++ Regen+} (You found it on level 11 of the Dungeon)
 19604 | D:11     | Noticed a brown ugly thing
 19637 | D:11     | Killed a brown ugly thing
 19637 | D:11     | Reached skill level 2 in Armour
 19679 | D:11     | Reached skill level 3 in Armour
 19680 | D:11     | HP: 4/81 [centaur/arrow (3)]
 19685 | D:11     | HP: 1/81 [centaur/arrow (6)]
 19902 | D:11     | Reached skill level 4 in Armour
 19904 | D:11     | Killed Fannar
 19904 | D:11     | Reached skill level 5 in Armour
 19969 | D:11     | Reached XP level 12. HP: 75/87 MP: 14/14
 19983 | D:11     | Reached skill level 6 in Armour
 20204 | D:11     | Noticed Erica
 20299 | D:10     | Reached skill level 7 in Armour
 20640 | D:12     | Reached skill level 8 in Armour
 21355 | D:13     | Reached skill level 9 in Armour
 21362 | D:13     | Noticed a centaur warrior
 21612 | D:11     | Noticed a storm dragon
 21612 | D:11     | Noticed a storm dragon
 21661 | Lair:1   | Entered Level 1 of the Lair of Beasts
 21832 | Lair:1   | Reached skill level 10 in Armour
 22358 | Lair:1   | Reached skill level 11 in Armour
 22414 | Lair:1   | Reached skill level 9 in Dodging
 22583 | Lair:1   | Noticed a five-headed hydra
 22763 | Lair:2   | Noticed an eight-headed hydra
 22897 | Lair:2   | Reached skill level 10 in Dodging
 22897 | Lair:2   | Reached XP level 13. HP: 79/92 MP: 15/15
 23201 | Lair:2   | Found a hole to the Spider Nest.
 23374 | Lair:2   | Reached skill level 1 in Shields
 23416 | Lair:2   | Reached skill level 2 in Shields
 23653 | Lair:3   | Reached skill level 3 in Shields
 23827 | Lair:3   | Reached skill level 4 in Shields
 24158 | Lair:3   | Reached skill level 5 in Shields
 24353 | Lair:3   | Reached skill level 6 in Shields
 24443 | Lair:3   | Reached skill level 11 in Dodging
 24777 | Lair:4   | Noticed Nergalle
 24813 | Lair:4   | Noticed a six-headed hydra
 25715 | D:11     | HP: 3/92 [storm dragon/bolt of lightning (25)]
 25716 | D:11     | Slain by a storm dragon

Vault maps used:
D:1:      ldierk_walled_garden
D:2:      lemuel_round_altar, minitemple, uniq_sigmund
D:3:      ecumenical_altar_1, uniq_terence, uniq_robin
D:4:      grunt_dithmenos_smoke_and_mirrors, lemuel_round_altar,
          kennysheep_little_box, vehumet_statue, first_bread
D:5:      lemuel_ice_spiral_2
D:6:      yredelemnul_forgotten_temple_becter
D:7:      lemuel_doored_altar, kennysheep_mini_moat, old_standard_altar,
          overflow_temple_1_default
D:8:      elyvilon_altar_4
D:9:      david_orc_4
D:10:     serial_shops, nicolae_shop_crystal, uniq_snorg
D:11:     minmay_shrinking_squares, dpeg_lair_monsters, uniq_fannar, uniq_erica
D:13:     erik_vaults_1, basic_altar
Lair:1:   grunt_megastairs_2, serial_bayou_shore_a
Lair:2:   nicolae_swamp_entry_splash_gauntlet, dummy_spider_entry
Lair:3:   enter_volcano_3, beast_lair_carwin_9
Lair:4:   gammafunk_lair_enchanted_lake, st_stairs_12, grunt_megastairs_5,
          uniq_nergalle

Skill      XL: |  1  2  3  4  5  6  7  8  9 10 11 12 13 |
---------------+----------------------------------------+-----
Fighting       | 1 2 3 4 7 9 10 | 10.1
Short Blades   | 4 |  4.3
Dodging        | 3 6 8 10 11 | 11.2
Long Blades    | 4 8 10 | 10.1
Stealth        | 4 |  4.1
Armour         | 5 11 | 11.0
Shields        | 6 |  6.2
Spellcasting   | |  1.5
Ice Magic      | |  3.0

Action                   |  1- 3 |  4- 6 |  7- 9 | 10-12 | 13-15 || total
-------------------------+-------+-------+-------+-------+-------++-------
Melee: Whip              |   100 |    24 |       |       |       ||   124
       Short sword       |       |   217 |   495 |   969 |   318 ||  1999
       Dagger            |       |       |   147 |    82 |    98 ||   327
       Long sword        |       |       |       |   509 |       ||   509
Throw: Stone             |       |    10 |     2 |     3 |       ||    15
       Tomahawk          |       |       |       |     5 |       ||     5
 Cast: Freeze            |    39 |    15 |       |       |       ||    54
Invok: Sacrifice Arcana  |       |     1 |       |       |       ||     1
       Sacrifice Essence |       |       |     1 |       |       ||     1
       Reject Sacrifices |       |       |       |     2 |       ||     2
Evoke: Wand              |       |       |       |     3 |       ||     3
  Use: Scroll            |       |     5 |     6 |    19 |     1 ||    31
       Potion            |       |       |     1 |    10 |     1 ||    12
 Stab: Sleeping          |     1 |     7 |     2 |     6 |       ||    16
       Distracted        |       |       |     1 |     4 |     3 ||     8
  Eat: Chunk             |     4 |    12 |     6 |    23 |     7 ||    52
       Pizza             |       |     1 |       |       |       ||     1
       Meat ration       |       |       |     1 |       |     1 ||     2
       Bread ration      |       |       |     1 |     3 |       ||     4
       Beef jerky        |       |       |     1 |     2 |       ||     3
       Fruit             |       |       |       |     5 |       ||     5
Armor: Robe              |    25 |    27 |    14 |    24 |       ||    90
       Ring mail         |       |    22 |   106 |   100 |       ||   228
       Chain mail        |       |       |       |   249 |   114 ||   363
Dodge: Dodged            |   130 |   142 |   368 |   748 |   143 ||  1531
Block: Other             |       |       |       |    10 |    16 ||    26
       Buckler           |       |       |       |       |   114 ||   114

Table legend:
 A = Turns spent in this place as a percentage of turns spent in the entire game.
 B = Non-inter-level travel turns spent in this place as a percentage of non-inter-level travel turns spent in the entire game.
 C = Inter-level travel turns spent in this place as a percentage of turns spent in this place.
 D = Turns resting spent in this place as a percentage of non-inter-level travel turns spent in this place.
 E = Turns spent auto-exploring this place as a percentage of non-inter-level travel turns spent in this place.
 F = Non-inter-level travel turns spent in this place divided by the number of levels of this place that you've seen.
                   A       B       C       D       E      F
               +-------+-------+-------+-------+-------+----------------------
         Total | 100.0 | 100.0 |   0.4 |   3.4 |   2.8 | 619.8
       Dungeon |  81.8 |  81.8 |   0.5 |   3.5 |   2.9 | 662.8
          Lair |  18.2 |  18.2 |   0.2 |   3.0 |   2.3 | 479.8
               +-------+-------+-------+-------+-------+----------------------

Table legend:
 A = Kills in this place as a percentage of kills in entire the game.
 B = Kills by you in this place as a percentage of kills by you in the entire game.
 C = Kills by friends in this place as a percentage of kills by friends in the entire game.
 D = Other kills in this place as a percentage of other kills in the entire game.
 E = Experience gained in this place as a percentage of experience gained in the entire game.
 F = Experience gained in this place divided by the number of levels of this place that you have seen.
                   A       B       C       D       E      F
               +-------+-------+-------+-------+-------+----------------------
         Total | 100.0 | 100.0 |  -nan | 100.0 | 100.0 | 2106.0
       Dungeon |  80.2 |  80.5 |  -nan |  60.0 |  59.7 | 1645.4
          Lair |  19.8 |  19.5 |  -nan |  40.0 |  40.3 | 3603.0
               +-------+-------+-------+-------+-------+----------------------
